 Dungeon Crawl Stone Soup version 0.27.0-1-g7a089689b8 (webtiles) character file.

Game seed: 6011935302581343289

133 SnakkuSnakku7 the Chopper (level 4, -6/37 HPs)
             Began as a Palentonga Chaos Knight on Aug 4, 2021.
             Was a Plaything of Xom.
             Killed by divine providence
             ... invoked by an orc priest
              (10 damage)
             ... on level 3 of the Dungeon.
             The game lasted 00:03:49 (2458 turns).

SnakkuSnakku7 the Chopper (Palentonga Chaos Knight) Turns: 2458, Time: 00:03:50

Health: -6/37      AC:  6    Str: 17    XL:     4   Next: 94%
Magic:  4/4        EV:  9    Int: 12    God:    Xom [....*.]
Gold:   65         SH:  0    Dex:  9    Spells: 3/3 levels left

rFire    . . .     SeeInvis +   a - +0 hand axe (chaos)
rCold    . . .     Faith    .   (no shield)
rNeg     . . .     Spirit   .   b - +2 leather armour
rPois    .         Reflect  .   (no helmet)
rElec    .         Harm     .   (no cloak)
rCorr    .         Rampage  .   (no gloves)
Will     .....                  (no barding)
Stlth    +.........             (no amulet)
HPRegen  0.12/turn              (no ring)
MPRegen  0.09/turn              (no ring)

@: no status effects
A: large, rugged brown scales 3, see invisible, deformed body, roll 1, armoured
tail
a: Rolling Charge, Renounce Religion


You were on level 3 of the Dungeon.
You worshipped Xom.
You were a beloved toy of Xom.
You visited 1 branch of the dungeon, and saw 4 of its levels.

You collected 65 gold pieces.

Inventory:

Hand Weapons
 a - a +0 hand axe of chaos (weapon)
Armour
 b - a +2 leather armour (worn)
Wands
 i - a wand of acid (11)
 k - a wand of digging (5)
Scrolls
 c - a scroll of identify {unknown}
 d - a scroll of blinking {unknown}
 e - a scroll of magic mapping {unknown}
 g - a scroll of immolation {unknown}
Potions
 f - a potion of flight {unknown}
 h - a potion of resistance {unknown}
 j - a potion of lignification {unknown}


   Skills:
 - Level 3.0 Fighting
 + Level 5.7 Axes
 - Level 1.5 Armour
 - Level 0.7 Dodging


You had 3 spell levels left.
You didn't know any spells.
Your spell library was empty.

Dungeon Overview and Level Annotations

Branches:
Dungeon (4/15)
 Temple: D:4-7

Altars:
Kikubaaqudgha
Sif Muna
Trog
Wu Jian


Innate Abilities, Weirdness & Mutations

You are completely covered in rugged brown scales. (AC +3, +7% HP)
You have supernaturally acute eyesight. (SInv)
Armour fits poorly on your strangely shaped body.
You can roll at nearby foes to attack.
You have a long armoured tail.


Message History

You hit the orc.
The orc flickers and vanishes for a moment.
The orc hits you with a +0 falchion.
The orc priest hits you but does no damage.
The orc hits you with a +0 hand axe.
You slash the orc!
You kill the orc!
You closely miss the orc.
You hit the orc priest but do no damage.
The orc priest hits you with a +0 flail.
The orc barely misses you.
Unknown command.
You hit the orc priest but do no damage.
You hit the orc.
The orc is poisoned.
You hit the orc. You burn the orc.
The orc priest hits you with a +0 flail.
The orc barely misses you. The orc hits you with a +0 short sword.
You hit the orc but do no damage.
The orc is almost dead.
You barely miss the orc. You closely miss the orc priest.
The orc priest mumbles some strange prayers to Beogh against you.
Beogh smites you!
* * * LOW HITPOINT WARNING * * *
The orc completely misses you. The orc hits you with a +0 short sword.
* * * LOW HITPOINT WARNING * * *
You are too injured to fight recklessly!
You are too injured to fight recklessly!
Unknown command.
You hit the orc priest but do no damage.
You hit the orc but do no damage. You barely miss the orc.
You kill the orc!
The orc priest hits you with a +0 flail.
* * * LOW HITPOINT WARNING * * *
The orc hits you but does no damage.
Unknown command.
You hit the orc priest but do no damage.
You barely miss the orc.
The orc priest mumbles some strange prayers to Beogh against you.
Beogh smites you!
You die...
Xom howls with laughter!

#### ######### #...
......... +... #.......#
#... ......)o# ####
......o@#######
........##....##########
...................^....
##########....### ######
#........# #[###....#
#.###....# #........#
.###........##########


You could see an orc priest and an orc.

Vanquished Creatures
  A bullfrog skeleton (D:2)
  3 adders (D:2)
  4 worms
  2 dart slugs
  2 orcs (D:3)
  3 bats
  6 endoplasms
  3 giant cockroaches
  4 hobgoblins
  7 jackals
  5 quokkas
  A ball python (D:3)
  3 frilled lizards (D:1)
  6 goblins
  A kobold (D:2)
  3 rats
54 creatures vanquished.

Notes
Turn   | Place    | Note
-------+----------+-------------------------------------------
     0 | D:1      | SnakkuSnakku7 the Palentonga Chaos Knight began the quest
                  | for the Orb.
     0 | D:1      | Reached XP level 1. HP: 19/19 MP: 1/1
   282 | D:1      | XOM: confuse monster(s)
   286 | D:1      | XOM: potion effect (might)
   287 | D:1      | Reached XP level 2. HP: 24/25 MP: 2/2
   387 | D:1      | Found a faded altar of an unknown god.
   395 | D:1      | XOM: noise
   578 | D:1      | Reached skill level 4 in Axes
   663 | D:1      | XOM: divination: magic mapping
   819 | D:2      | Reached XP level 3. HP: 30/31 MP: 3/3
  1307 | D:2      | Reached XP level 4. HP: 30/37 MP: 4/4
  1334 | D:2      | XOM: cloud trail
  1420 | D:2      | Reached skill level 5 in Axes
  2033 | D:2      | XOM: summons 1 hostile demon
  2208 | D:3      | Found a shimmering blue altar of Sif Muna.
  2208 | D:3      | Found a bloodstained altar of Trog.
  2215 | D:3      | XOM: summons 3 hostile demons
  2339 | D:3      | Found an ornate altar of the Wu Jian Council.
  2343 | D:3      | Found an ancient bone altar of Kikubaaqudgha.
  2458 | D:3      | Killed from afar by an orc priest

Illustrated notes

Levels and vault maps discovered:
D:1:      dpeg_arrival_long_road, layout_rooms, ebering_ecumenical_altar_rust
D:2:      layout_basic
D:3:      layout_basic, grunt_temple_overflow_open
D:4:      layout_loops_ring, grunt_temple_overflow_opulence, elyvilon_altar_3,
          makhleb_blood_cavern_becter, uniq_grinder

Skill      XL: |  1  2  3  4 |
---------------+-------------+-----
Axes           | 4 5 |  5.7
Fighting       | |  3.0
Armour         | |  1.5
Dodging        | |  0.7

Action                   |  1- 3 |  4- 6 || total
-------------------------+-------+-------++-------
Melee: Hand axe          |    89 |    48 ||   137
       Tailslap          |     6 |     4 ||    10
Armor: Leather armour    |    36 |    20 ||    56
Dodge: Dodged            |    32 |    29 ||    61
